cohdb
Replays
Latest Replays
All Replays
Popular Replays
Top Player Replays
Match Explorer
How It Works
Community
CoH3 Stats
Reddit
Sign in to upload your games and track your stats! →
Sign in with Steam
Match 47170588
Unlisted
Match 47170588
Overview
Messages
Build Orders
End
Kradschützen Motorcycle Team
Panzergrenadier Squad
250 Light Carrier
Construct Light Support Kompanie
Combat Half-tracks
MG34 Team
2.5-tonne Medical Truck
Panzerjäger Mechanized Group
Construct Mechanized Kompanie
254 Reconnaissance Tractor
Selects Armored Support Battlegroup
Selects Salvage Kits
Vehicle Survival Package
Construct Panzerarmee Kommand
Selects Superior Fire Drills
Panzer III L Medium Tank
紫苏子
Sturmbock80
girlbobo
VV
RitraXP
FallofMan
The Cisco Kid
速趴塞牙人
0
0
Comments
sign in to comment!
No comments posted yet!